 Dungeon Crawl Stone Soup version 0.22-a0-231-g1b571ea (console) character file.

229888 yesno the Eternal Night (level 19, -15/151 HPs)
             Began as a Human Assassin on Feb 19, 2018.
             Was the Champion of Dithmenos.
             Demolished by an ettin simulacrum (23 damage)
             ... while paralysed by an ogre mage
             ... on level 2 of the Vaults on Feb 23, 2018.
             The game lasted 05:44:19 (49435 turns).

yesno the Eternal Night (Human Assassin)           Turns: 49435, Time: 05:44:19

Health: -15/151    AC: 19    Str: 14    XL:     19   Next: 73%
Magic:  0/29       EV:  2    Int: 16    God:    Dithmenos [******]
Gold:   576        SH:  0    Dex: 24    Spells: 6/28 levels left

rFire    . . .     SeeInvis .   a - +9 lajatang
rCold    . . .     Gourm    .   (shield currently unavailable)
rNeg     . . .     Faith    .   Z - +5 steam dragon scales
rPois    +         Spirit   +   L - +2 hat
rElec    .         Reflect  .   h - scarf {Spirit}
rCorr    +         Harm     .   T - +1 pair of gloves {Dex+3}
MR       +....                  t - +2 pair of boots
Stlth    +++++++...             l - amulet of regeneration
HPRegen  0.75/turn              d - ring of resist corrosion
MPRegen  0.21/turn              M - +5 ring of dexterity

@: paralysed, marked, wreathed by umbra
A: sense surroundings 1, poison resistance, evolution 1 ¿: 2/15 runes:
serpentine, barnacled
a: Shadow Step, Shadow Form, Renounce Religion


You were on level 2 of the Vaults.
You worshipped Dithmenos.
Dithmenos was exalted by your worship.
You were hungry.

You visited 8 branches of the dungeon, and saw 36 of its levels.
You also visited: Volcano.

You collected 2726 gold pieces.
You spent 2150 gold pieces at shops.

Inventory:

Hand Weapons
 a - a +9 lajatang (weapon)
 v - a +0 blowgun
Missiles
 w - 22 tomahawks (quivered)
 J - 15 curare-tipped needles
Armour
 b - the +7 chain mail of Sin {rElec Int+2 Dex+4 Stlth+}
   (You found it on level 5 of the Lair of Beasts)

   It affects your intelligence (+2).
   It affects your dexterity (+4).
   It insulates you from electricity.
   It makes you more stealthy.
 h - a scarf of spirit shield (worn)
 m - a +2 robe of fire resistance
 t - a +2 pair of boots (worn)
 z - a +2 robe of magic resistance
 L - a +2 hat (worn)
 T - a +1 pair of gloves of dexterity (worn)
 Z - +5 steam dragon scales (worn)
Magical Staves
 Q - an uncursed staff of air
Jewellery
 d - a ring of resist corrosion (left hand)
 i - an uncursed ring of flight
 l - an amulet of regeneration (around neck)
 p - a cursed ring of ice
 s - an uncursed ring of protection from cold
 x - an uncursed ring of see invisible
 E - an uncursed ring of magical power
 F - an uncursed ring of protection from magic
 K - an uncursed amulet of magic regeneration
 M - a +5 ring of dexterity (right hand)
 N - an uncursed ring of protection from magic
 P - an uncursed ring of positive energy
 Y - an uncursed ring of ice
Wands
 g - a wand of digging (52)
 y - a wand of paralysis (25)
 A - a wand of enslavement (5)
 V - a wand of disintegration (34)
Scrolls
 c - a scroll of holy word
 e - 2 scrolls of vulnerability
 j - 3 scrolls of fog
 o - 3 scrolls of blinking
 q - a scroll of summoning
 B - 4 scrolls of magic mapping
 G - 5 scrolls of amnesia
 H - 3 scrolls of enchant weapon
 I - 12 scrolls of remove curse
 O - 4 scrolls of teleportation
 W - 8 scrolls of identify
 X - 2 scrolls of silence
Potions
 f - 2 potions of haste
 k - 16 potions of curing
 r - a potion of heal wounds
 D - 2 potions of mutation
 R - a potion of flight
Miscellaneous
 U - a lightning rod (4/4)
Comestibles
 C - 19 rations


   Skills:
 + Level 13.6 Fighting
   Level 3.1 Short Blades
 + Level 13.7 Staves
 - Level 2.0 Throwing
 - Level 8.8 Armour
 + Level 13.3 Dodging
 - Level 6.4 Stealth
   Level 4.1 Shields
 + Level 5.3 Spellcasting
 - Level 13.0 Hexes
 - Level 8.5 Charms
 - Level 2.4 Necromancy
 - Level 2.4 Air Magic
 + Level 14.3 Invocations
 - Level 5.2 Evocations


You had 6 spell levels left.
You knew the following spells:

 Your Spells              Type           Power        Failure   Level  Hunger
a - Confuse               Hex            #####...     1%          3    ###....
b - Spectral Weapon       Hex/Chrm       #####...     1%          3    ###....
c - Regeneration          Chrm/Necr      ###.......   4%          3    ###....
d - Song of Slaying       Chrm           ####....     1%          2    #......
e - Swiftness             Chrm/Air       ###.....     2%          2    #......
f - Tukima's Dance        Hex            #####...     1%          3    ###....
g - Invisibility          Hex            #####...     11%         6    #######


Dungeon Overview and Level Annotations

Branches:
Dungeon (15/15)            Temple (0/1) D:6            Lair (6/6) D:8
 Shoals (4/4) Lair:2        Snake (4/4) Lair:2        Slime (1/5) Lair:5
    Orc (2/2) D:9             Elf (2/3) Orc:2        Vaults (2/5) D:14
  Crypt (0/3) Vaults:2     Depths (0/5) D:15

Altars:
Dithmenos
Elyvilon
Fedhas
Hepliaklqana
Qazlal
Ru
Uskayaw
Vehumet
Xom
The Shining One

Shops:
D:4 *   D:9 %   Orc:2 *?[(   Elf:1 [   Shoals:1 (   Snake:1 !**   Snake:3 [%
Snake:4 !   Vaults:1 %

Portals:
Trove: D:13 (give 12 scrolls of teleportation)

Annotations:
D:3 exclusion: jelly
D:9 exclusions: obsidian statue and orange crystal statue
D:15 exclusion: 2 doors
Shoals:1 exclusions: 2 harpies and 1 more exclusion
Shoals:3 exclusion: kraken
Shoals:4 exclusions: alligator snapping turtle, merfolk aquamancer, 2 merfolk javelineers and 1 more exclusion, Bai Suzhen; Ilsuiw
Snake:1 Rupert
Snake:2 exclusions: upstairs and 4 more exclusions, Frances
Snake:3 Vashnia
Elf:1 exclusion: door
Vaults:1 exclusions: centaur warrior and ironbrand convoker, Nikola
Vaults:2 exclusions: obsidian statue and 1 more exclusion


Innate Abilities, Weirdness & Mutations

You passively map a small area around you.
Your system is resistant to poisons. (rPois)
You evolve.


Message History

The ettin simulacrum hits you. The ettin simulacrum freezes you!!
The ogre mage hits you but does no damage.
A basilisk comes into view.
The ettin simulacrum hits you. The ettin simulacrum freezes you!!
The ettin simulacrum hits you!! The ettin simulacrum freezes you!!
* * * LOW HITPOINT WARNING * * *
The ogre mage hits you!
* * * LOW HITPOINT WARNING * * *
The basilisk changes into a warg!
The ogre mage completely misses you. The ettin simulacrum hits you!
* * * LOW HITPOINT WARNING * * *
The ettin simulacrum freezes you!!
* * * LOW HITPOINT WARNING * * *
The ettin simulacrum hits you but does no damage.
The ogre mage barely misses you.
The ettin simulacrum hits you but does no damage.
The ettin simulacrum barely misses you.
The ogre mage hits you but does no damage.
The ettin simulacrum hits you!!
You die...

▒····· · ·▒··<·O·
▒··OZp ·· ·
▒····· ░ ·░ ···p·
░ ······░ ·
░▒▒▒h▒▒▒▒ ▒▒▒▒▒ ░
▒··pO@·▒ ▒····
▒···Z(·▒ ▒··♠·
▒······▒ ▒··▒·
▒······▒ ▒····
▒······▒ ▒·Ψ··
▒▒▒▒▒▒▒ ▒······▒
▒····
▒······▒▒▒······▒
▒··▒·
▒····▒··▒▒······▒
▒·‼··
8····▒···Ξ······▒
▒·↑↑♠


You could see an ogre mage, a vault sentinel, a warg shaped shifter, an ettin
simulacrum and a friendly spectral lajatang.

Vanquished Creatures
  An acid blob (Slime:1)
  Polyphemus (Shoals:2)
  Agnes (Snake:3)
  10 nagarajas
  2 deep elf sorcerers (Elf:1)
  A ghoul (Vaults:2)
  A stone giant (Orc:1)
  3 ironheart preservers
  A very ugly thing (Vaults:2)
  Azrael (D:12)
  An eidolon (Vaults:2)
  2 merfolk javelineers (Shoals:4)
  Josephine (Snake:1)
  5 yaktaur captains
  9 merfolk impalers
  Fannar (Lair:2)
  3 vault guards (D:14)
  A fire dragon (Vaults:2)
  6 hydras
  8 naga warriors
  4 merfolk avatars
  The ghost of chromaticdragonking the Basher, a novice OgBe of Trog (D:9)
  A catoblepas (Shoals:2)
  5 merfolk aquamancers
  4 centaur warriors
  6 anacondas
  An alligator snapping turtle (Shoals:3)
  An ogre mage (Vaults:2)
  14 two-headed ogres
  2 deep troll shamans (Vaults:1)
  2 tengu warriors (D:15)
  A vampire mage (Vaults:2)
  4 death yaks (Shoals:2)
  5 shock serpents
  4 dancing weapons (Elf:1)
  11 naga sharpshooters
  4 orc high priests
  Sonja (Lair:2)
  3 deep elf knights
  2 salamander mystics
  3 unseen horrors
  8 sea snakes
  A death drake (shapeshifter) (Vaults:1)
  3 deep trolls (Vaults:1)
  A wizard (D:14)
  A kraken simulacrum (Shoals:4)
  4 deep elf archers
  2 naga ritualists (Snake:4)
  An ironbrand convoker (Vaults:1)
  8 ugly things
  4 mana vipers
  A shining eye (Slime:1)
  5 harpies (Shoals:3)
  11 orc knights
  4 fauns (Shoals:2)
  3 orc sorcerers
  30 deep elf magi (Elf:1)
  10 cyclopes
  3 oklob plants (Lair:5)
  5 salamanders
  12 manticores
  6 water nymphs
  6 merfolk sirens
  A centaur zombie (D:15)
  33 black mambas
  A guardian serpent (Snake:3)
  Joseph (D:7)
  3 centaur skeletons
  13 naga magi
  Maurice (Orc:2)
  7 spiny frogs
  A torpor snail (Lair:5)
  4 gargoyles
  2 vault sentinels (Vaults:1)
  6 yaktaurs
  5 rime drakes (Lair:5)
  An efreet (Volcano)
  7 komodo dragons
  22 merfolk
  A queen bee (Lair:3)
  A troll (D:13)
  A wind drake (Shoals:3)
  2 polar bears (Lair:6)
  5 blink frogs (Lair:6)
  20 slime creatures
  A blink frog (shapeshifter) (Vaults:1)
  4 dream sheep
  8 snapping turtles
  19 hippogriffs
  A centaur simulacrum (D:14)
  6 wraiths
  2 tarantellas (shapeshifter) (Vaults:1)
  3 air elementals (Elf:1)
  A shadow (D:13)
  4 wyverns
  A vampire (D:15)
  20 yaks
  9 basilisks
  7 fire elementals
  3 water elementals
  A human (D:8)
  3 hogs
  5 vampire mosquitoes
  A steam dragon (D:13)
  2 wargs (Orc:1)
  7 swamp worms (Lair:1)
  50 nagas
  A soldier ant (D:14)
  Duvessa (D:4)
  19 water moccasins
  2 hell hounds
  An ice beast (D:11)
  24 orc warriors
  7 porcupines
  2 sky beasts
  An eye of draining (D:11)
  A phantom (D:6)
  3 black bears
  10 ogres
  The ghost of chris0x the Charlatan, an amateur DDAr (D:3)
  An eye of draining (shapeshifter) (Vaults:2)
  11 wolves
  21 centaurs
  A necrophage (D:6)
  13 crocodiles
  A big kobold (D:11)
  An earth elemental (Volcano)
  20 bullfrogs
  A human simulacrum (Vaults:1)
  A water moccasin zombie (D:8)
  2 wyvern skeletons
  Dowan (D:4)
  32 killer bees
  7 scorpions
  5 howler monkeys
  14 wights
  10 crimson imps
  A lava snake (D:9)
  2 quasits
  7 hounds
  A bullfrog zombie (D:8)
  21 orc priests
  Crazy Yiuf (D:3)
  4 jellies
  21 orc wizards
  6 bullfrog skeletons
  Terence (D:3)
  2 iguanas
  Natasha (twice) (D:2)
  12 worker ants
  Robin (D:4)
  2 howler monkey skeletons
  18 adders
  3 shadow imps
  An ooze (D:1)
  An adder skeleton (D:7)
  16 worms
  A dart slug (D:1)
  7 leopard geckos
  65 orcs
  10 bats
  3 giant cockroaches
  15 goblins
  11 hobgoblins
  5 jackals
  11 kobolds
  5 quokkas
  A ball python (Lair:2)
  7 frilled lizards
  A giant cockroach zombie (D:5)
  6 rats
  A plant (Lair:6)
  A tentacle (Shoals:1)
1051 creatures vanquished.

Vanquished Creatures (collateral kills)
  A nagaraja (Snake:4)
  A naga (Snake:4)
2 creatures vanquished.

Vanquished Creatures (others)
  A naga warrior (Snake:4)
  A shock serpent (Snake:4)
  A death drake (shapeshifter) (Elf:1)
  A dancing weapon (Shoals:2)
  2 orc wizards
  6 fungi
  17 plants
  38 spectral weapons
  33 tentacles
100 creatures vanquished.

Grand Total: 1153 creatures vanquished

Notes
Turn   | Place    | Note
-------+----------+-------------------------------------------
     0 | D:1      | yesno the Human Assassin began the quest for the Orb.
     0 | D:1      | Reached XP level 1. HP: 16/16 MP: 1/1
   150 | D:1      | Reached XP level 2. HP: 18/22 MP: 2/2
   361 | D:1      | Reached XP level 3. HP: 27/27 MP: 3/3
  1120 | D:2      | Reached XP level 4. HP: 31/33 MP: 4/4
  1630 | D:2      | Noticed Natasha
  2167 | D:3      | Noticed Terence
  2279 | D:3      | Noticed chris0x's ghost (amateur DDAr)
  2295 | D:4      | Noticed Robin
  2298 | D:4      | Found a sacrificial altar of Ru.
  2477 | D:4      | Noticed Dowan
  2588 | D:4      | ffffffffffffffffffffffffffffffffffffffffffffffffff
  2877 | D:3      | Reached XP level 5. HP: 40/40 MP: 5/5
  3109 | D:3      | Found a white marble altar of Elyvilon.
  3113 | D:3      | Found a blossoming altar of Fedhas.
  3114 | D:3      | Found a shimmering altar of Xom.
  3114 | D:3      | Found a shadowy altar of Dithmenos.
  3239 | D:3      | Found a hide-covered altar of Uskayaw.
  3403 | D:3      | Became a worshipper of Dithmenos the Shadowed
  3537 | D:3      | Killed Terence
  3840 | D:3      | Found a runed door.
  4105 | D:4      | Reached XP level 6. HP: 27/47 MP: 4/6
  4143 | D:3      | Killed chris0x's ghost
  4603 | D:4      | Noticed Duvessa
  4760 | D:4      | Killed Robin
  4760 | D:4      | Reached XP level 7. HP: 45/55 MP: 7/7
  5071 | D:4      | Found Keiss's Assorted Antiques.
  5325 | D:4      | Bought a scroll labeled OXKION BYRA for 26 gold pieces
  5325 | D:4      | Bought a scroll labeled HOTHYA UTHANAE for 26 gold pieces
  5325 | D:4      | Bought a scroll labeled MURUUG YPTUWUF for 26 gold pieces
  5344 | D:5      | Entered Level 5 of the Dungeon
  5381 | D:5      | Reached skill level 5 in Dodging
  5723 | D:5      | Reached * piety under Dithmenos
  5723 | D:5      | Reached skill level 5 in Fighting
  6224 | D:5      | Reached XP level 8. HP: 56/63 MP: 6/8
  6573 | D:6      | Found a staircase to the Ecumenical Temple.
  6575 | D:6      | Upgraded the game from 0.22-a0-223-g0f5d773 to 0.22-a0-224-g8cf3520
  7171 | D:7      | Reached XP level 9. HP: 71/71 MP: 9/9
  7560 | D:7      | Noticed Joseph
  7882 | D:2      | Reached ** piety under Dithmenos
  7976 | D:2      | Killed Natasha
  7998 | D:2      | Noticed Natasha
  8007 | D:2      | Killed Natasha
  8249 | D:3      | Noticed Crazy Yiuf
  8264 | D:3      | Killed Crazy Yiuf
  8426 | D:4      | Killed Dowan
  8489 | D:4      | Killed Duvessa
  9060 | D:8      | Reached XP level 10. HP: 55/82 MP: 6/10
  9204 | D:8      | Reached skill level 10 in Fighting
  9211 | D:8      | Reached skill level 10 in Dodging
  9382 | D:8      | Found a staircase to the Lair.
  9772 | D:9      | Reached *** piety under Dithmenos
  9788 | D:9      | Noticed an obsidian statue
  9824 | D:9      | Found a staircase to the Orcish Mines.
  9889 | D:9      | Reached skill level 1 in Shields
  9903 | D:9      | Found Kemp's Food Shop.
 10812 | D:9      | Noticed an orange crystal statue
 10898 | D:9      | Noticed chromaticdragonking's ghost (novice OgBe)
 10985 | Lair:1   | Entered Level 1 of the Lair of Beasts
 11002 | Lair:1   | Noticed a komodo dragon
 11139 | Lair:1   | You fall through a shaft!
 11221 | Lair:2   | Noticed a black mamba
 11313 | Lair:2   | Noticed Sonja
 11383 | Lair:2   | Noticed a black mamba
 11414 | Lair:2   | Killed a black mamba
 11414 | Lair:2   | Reached skill level 5 in Stealth
 11414 | Lair:2   | Reached XP level 11. HP: 81/91 MP: 8/11
 11434 | Lair:2   | Found a staircase to the Snake Pit.
 11463 | Lair:2   | Reached **** piety under Dithmenos
 11505 | Lair:2   | Noticed a merfolk siren
 11698 | Lair:2   | Noticed Fannar
 11804 | Lair:2   | Killed Sonja
 11839 | Lair:2   | Upgraded the game from 0.22-a0-224-g8cf3520 to 0.22-a0-231-g1b571ea
 11921 | Lair:1   | Learned a level 3 spell: Confuse
 11988 | Lair:1   | Reached skill level 1 in Hexes
 13050 | Lair:3   | Reached skill level 5 in Hexes
 13397 | Lair:3   | Reached ***** piety under Dithmenos
 13426 | Lair:3   | Reached XP level 12. HP: 100/100 MP: 3/12
 13530 | Lair:3   | Reached skill level 1 in Spellcasting
 14357 | Lair:4   | Reached skill level 1 in Invocations
 14498 | Lair:4   | Reached skill level 2 in Invocations
 14529 | Lair:4   | Noticed a four-headed hydra
 14560 | Lair:4   | Reached skill level 3 in Invocations
 14735 | Lair:4   | Reached skill level 4 in Invocations
 14910 | Lair:4   | Reached skill level 1 in Staves
 15126 | Lair:5   | Found a staircase to the Slime Pits.
 15144 | Lair:5   | Noticed a five-headed hydra
 15242 | Lair:5   | Noticed a seven-headed hydra
 15555 | Orc:1    | Entered Level 1 of the Orcish Mines
 15567 | Orc:1    | Noticed a stone giant
 15601 | Orc:1    | Noticed a two-headed ogre
 15659 | Orc:1    | Killed a stone giant
 15659 | Orc:1    | Reached skill level 5 in Staves
 15752 | Orc:1    | Killed a two-headed ogre
 15765 | Orc:1    | Found a dark tunnel.
 15774 | Volcano  | Entered a volcano
 15952 | Volcano  | Noticed a stone giant
 16549 | Orc:2    | Entered Level 2 of the Orcish Mines
 16828 | Orc:2    | Noticed an orc high priest
 16952 | Orc:2    | giantbat: i am watching :v
 16953 | Orc:2    | hi
 16984 | Orc:2    | Noticed an orc high priest
 17235 | Orc:2    | Noticed a soul eater
 17351 | Orc:2    | Killed an orc high priest
 17351 | Orc:2    | Reached XP level 13. HP: 101/106 MP: 12/16
 17509 | Orc:2    | Gained mutation: Your body sometimes deteriorates upon taking damage. [a neqoxec]
 17866 | Orc:2    | Noticed Maurice
 17919 | Orc:2    | Killed Maurice
 18025 | Orc:2    | Found Esiown's Weapon Boutique.
 18025 | Orc:2    | Found Ynkosh's Antique Armour Boutique.
 18026 | Orc:2    | Found Sidinne's General Store.
 18030 | Orc:2    | Found Raduur's Magic Scroll Shop.
 18087 | Orc:2    | Found a staircase to the Elven Halls.
 18374 | Orc:2    | Bought a warped leather armour for 259 gold pieces
 18384 | Orc:2    | Identified the +0 leather armour of Fiukenya {rN++ Str+4 Slay-4} (You bought it in a shop on level 2 of the Orcish Mines)
 18384 | Orc:2    | Bought a pair of embroidered gloves for 277 gold pieces
 18394 | Orc:2    | Bought a smoking scale mail for 333 gold pieces
 18404 | Orc:2    | Identified the cursed +0 scale mail "Fickot" {Str+2} (You bought it in a shop on level 2 of the Orcish Mines)
 18405 | Orc:2    | Bought a polished scale mail for 333 gold pieces
 18415 | Orc:2    | Identified the +2 scale mail "Deoppefa" {rF+ Int+3} (You bought it in a shop on level 2 of the Orcish Mines)
 18640 | D:7      | Reached skill level 10 in Staves
 18688 | D:7      | Killed Joseph
 18889 | D:10     | Entered Level 10 of the Dungeon
 20159 | D:11     | Reached ****** piety under Dithmenos
 20912 | D:11     | Lost mutation: Your body sometimes deteriorates upon taking damage. [potion of mutation]
 20912 | D:11     | Gained mutation: You have large cloven feet. [potion of mutation]
 20912 | D:11     | Gained mutation: Your system is resistant to poisons. (rPois) [potion of mutation]
 21008 | D:12     | Noticed an eight-headed hydra
 21016 | D:12     | Noticed a four-headed hydra
 21061 | D:12     | Reached skill level 5 in Invocations
 21117 | D:13     | Reached skill level 6 in Invocations
 21502 | D:13     | Reached skill level 7 in Invocations
 21770 | D:13     | Found a portal to a secret trove of treasure.
 22177 | D:13     | Reached skill level 8 in Invocations
 22358 | D:13     | Reached XP level 14. HP: 111/113 MP: 20/20
 22372 | D:13     | Reached skill level 9 in Invocations
 22897 | D:14     | Reached skill level 10 in Invocations
 23270 | D:15     | Entered Level 15 of the Dungeon
 23308 | D:15     | Reached skill level 11 in Invocations
 23402 | D:15     | Learned a level 3 spell: Spectral Weapon
 23532 | D:15     | Reached skill level 1 in Charms
 23557 | D:15     | Found a staircase to the Depths.
 23889 | D:15     | Found a glowing golden altar of the Shining One.
 24094 | D:15     | Found the +8 longbow "Zephyr" {speed, Dex+3 SInv}
 24453 | D:15     | Found a stormy altar of Qazlal.
 24826 | D:15     | Reached skill level 5 in Charms
 25123 | D:12     | Noticed Azrael
 26018 | Lair:2   | Found a staircase to the Shoals.
 26228 | Lair:4   | Found a hide-covered altar of Uskayaw.
 26662 | Lair:5   | Reached skill level 1 in Evocations
 26786 | Snake:1  | Entered Level 1 of the Snake Pit
 26934 | Lair:2   | Reached XP level 15. HP: 93/118 MP: 18/23
 26939 | Lair:2   | Learned a level 3 spell: Regeneration
 27028 | Lair:2   | Learned a level 2 spell: Song of Slaying
 27357 | Lair:2   | Reached skill level 5 in Evocations
 27509 | Snake:1  | Noticed Rupert
 27583 | Shoals:1 | Entered Level 1 of the Shoals
 27653 | Shoals:1 | Learned a level 2 spell: Swiftness
 27657 | Shoals:1 | Learned a level 3 spell: Tukima's Dance
 28000 | Shoals:1 | Noticed a kraken
 28881 | Shoals:1 | Found Riogg's Weapon Emporium.
 29155 | Shoals:2 | Noticed Polyphemus
 29843 | Lair:5   | Found a hazy altar of Hepliaklqana.
 29855 | Lair:5   | Got an ancient chain mail
 29873 | Lair:4   | Identified the +7 chain mail of Sin {rElec Int+2 Dex+4 Stlth+} (You found it on level 5 of the Lair of Beasts)
 30075 | Lair:5   | Reached skill level 1 in Armour
 30618 | Lair:6   | Entered Level 6 of the Lair of Beasts
 30849 | Lair:6   | Got a fine scale mail
 30850 | Lair:6   | Identified the +1 scale mail "Virchokaph" {rPois Int+4} (You found it on level 6 of the Lair of Beasts)
 31125 | Snake:1  | Reached skill level 5 in Armour
 31202 | Snake:1  | Found Opsuo's Distillery.
 31204 | Snake:1  | Found Kechyb's General Store.
 31206 | Snake:1  | Found Veucs's Assorted Antiques.
 31210 | Snake:1  | Bought a potion of heal wounds for 60 gold pieces
 31210 | Snake:1  | Bought a potion of haste for 120 gold pieces
 31210 | Snake:1  | Bought a potion of curing for 36 gold pieces
 31212 | Snake:1  | Bought a potion of curing for 33 gold pieces
 31212 | Snake:1  | Bought 2 potions of curing for 66 gold pieces
 31212 | Snake:1  | Bought a scroll of holy word for 82 gold pieces
 31575 | Snake:2  | Reached XP level 16. HP: 106/126 MP: 19/24
 32074 | Snake:2  | Reached skill level 12 in Invocations
 32367 | Snake:2  | Noticed Frances
 32641 | Snake:3  | Noticed a nagaraja
 33137 | Snake:3  | Noticed Agnes
 33149 | Snake:3  | Found Rukhlika's Antique Armour Boutique.
 33199 | Snake:3  | Found Ciuf's Food Emporium.
 33338 | Snake:3  | Noticed a nagaraja
 33377 | Snake:3  | Killed a nagaraja
 33578 | Snake:4  | Entered Level 4 of the Snake Pit
 33909 | Snake:3  | Killed Agnes
 34082 | Snake:3  | Killed a nagaraja
 34314 | Snake:3  | Noticed a nagaraja
 34328 | Snake:3  | Killed a nagaraja
 35142 | Snake:3  | Noticed Vashnia
 35395 | Lair:2   | Killed Fannar
 35961 | Snake:4  | Found Dikkossu's Distillery.
 36512 | Snake:4  | Noticed a nagaraja
 36830 | Snake:4  | Noticed a nagaraja
 36837 | Snake:4  | Killed a nagaraja
 36837 | Snake:4  | Reached skill level 13 in Invocations
 36920 | Snake:4  | Killed a nagaraja
 37182 | Snake:4  | Reached XP level 17. HP: 94/133 MP: 13/26
 37467 | Snake:4  | Got a twisted hand crossbow
 37468 | Snake:4  | Identified the +7 hand crossbow of an ice cave {flame, MR+} (You found it on level 4 of the Snake Pit)
 38070 | Snake:4  | Got a serpentine rune of Zot
 38291 | Snake:1  | Noticed Josephine
 38330 | Snake:1  | Killed Josephine
 38542 | Orc:2    | Bought a scroll of teleportation for 39 gold pieces
 38542 | Orc:2    | Bought a scroll of enchant armour for 97 gold pieces
 38542 | Orc:2    | Bought a scroll of teleportation for 39 gold pieces
 38542 | Orc:2    | Bought a scroll of fog for 26 gold pieces
 38542 | Orc:2    | Bought a scroll of teleportation for 39 gold pieces
 38542 | Orc:2    | Bought a scroll of blinking for 97 gold pieces
 38542 | Orc:2    | Bought a scroll of teleportation for 39 gold pieces
 38542 | Orc:2    | Bought a scroll of blinking for 97 gold pieces
 38604 | Elf:1    | Entered Level 1 of the Elven Halls
 38710 | Elf:1    | Found a radiant altar of Vehumet.
 39249 | Elf:1    | Found a ruined gateway.
 39407 | Elf:1    | Found Zopukh's Armour Shop.
 40057 | Elf:1    | Identified the Volume of Combat Magic
 40708 | Shoals:2 | Reached XP level 18. HP: 143/143 MP: 27/27
 40799 | Shoals:2 | Reached skill level 1 in Air Magic
 40801 | Shoals:2 | Reached skill level 1 in Necromancy
 40946 | Shoals:3 | Noticed a kraken
 42310 | Shoals:2 | Killed Polyphemus
 42762 | Shoals:4 | Entered Level 4 of the Shoals
 43110 | Shoals:4 | Noticed Bai Suzhen
 43167 | Shoals:4 | Noticed Ilsuiw
 43494 | Shoals:3 | Learned a level 6 spell: Invisibility
 43853 | Shoals:4 | Reached skill level 5 in Spellcasting
 43875 | Shoals:4 | Reached skill level 14 in Invocations
 44215 | Shoals:4 | Got a barnacled rune of Zot
 44687 | D:9      | Found Kemp's Food Shop.
 44955 | D:9      | Found a staircase to the Orcish Mines.
 44996 | D:9      | Killed chromaticdragonking's ghost
 45151 | D:12     | Killed Azrael
 45681 | D:14     | Reached skill level 10 in Hexes
 45690 | D:14     | Found a gate to the Vaults.
 45786 | Vaults:1 | Entered Level 1 of the Vaults
 45909 | Vaults:1 | Reached XP level 19. HP: 128/150 MP: 22/29
 45965 | Vaults:1 | Noticed Nikola
 46151 | Vaults:1 | Found Misol's Food Shoppe.
 48126 | Slime:1  | Entered Level 1 of the Pits of Slime
 48148 | Slime:1  | Gained mutation: Your spells are a little easier to cast, but a little less powerful. [a shining eye]
 48153 | Slime:1  | Lost mutation: You have large cloven feet. [potion of mutation]
 48153 | Slime:1  | Lost mutation: Your system is resistant to poisons. (rPois) [potion of mutation]
 48153 | Slime:1  | Lost mutation: Your spells are a little easier to cast, but a little less powerful. [potion of mutation]
 48153 | Slime:1  | Gained mutation: You have supernaturally acute eyesight. (SInv) [potion of mutation]
 48153 | Slime:1  | Gained mutation: You occasionally shout uncontrollably at your foes. [potion of mutation]
 48153 | Slime:1  | Gained mutation: You sometimes yell uncontrollably at your foes. [potion of mutation]
 48153 | Slime:1  | Gained mutation: You passively map a small area around you. [potion of mutation]
 48154 | Slime:1  | Lost mutation: You sometimes yell uncontrollably at your foes. [potion of mutation]
 48154 | Slime:1  | Lost mutation: You occasionally shout uncontrollably at your foes. [potion of mutation]
 48154 | Slime:1  | Lost mutation: You have supernaturally acute eyesight. (SInv) [potion of mutation]
 48154 | Slime:1  | Gained mutation: You evolve. [potion of mutation]
 48154 | Slime:1  | Gained mutation: Your system is resistant to poisons. (rPois) [potion of mutation]
 48963 | Vaults:2 | Found a staircase to the Crypt.
 49429 | Vaults:2 | Paralysed by an ogre mage for 7 turns
 49432 | Vaults:2 | HP: 6/151 [ettin simulacrum (18)]
 49435 | Vaults:2 | Demolished by an ettin simulacrum

Vault maps used:
D:1:      dpeg_arrival_three_smaller_balls, hangedman_feature_mirror
D:2:      uniq_natasha
D:3:      eat_drink_and_be_merry_uskayaw, minitemple, lemuel_flame_loot_1,
          uniq_terence, uniq_crazy_yiuf_cottage
D:4:      nicolae_ru_great_annihilating_truth, serial_forest,
          infiniplex_forest_fountain, infiniplex_forest_clump_large,
          infiniplex_forest_end_2, infiniplex_forest_end_double,
          infiniplex_forest_lined_3, serial_shops, nicolae_shop_behind_doors,
          first_ration, kennysheep_opposing_triangles, uniq_duvessa, uniq_robin
D:6:      minmay_temple_entry_statues_pillars
D:7:      uniq_joseph
D:8:      minmay_lair_entry_grove, grunt_livestock
D:9:      minmay_separated_statues, david_orc_2, serial_shops, shop,
          wad_woods_river_04, zaba_anthole, nicolae_lava_and_water
D:10:     serial_park_tiny_2
D:12:     uniq_azrael
D:13:     trove_entry_hex_spiral, minmay_misc_feat_rows
D:14:     grunt_vaults_entry_fortified, minmay_misc_feat_chi
D:15:     grunt_enter_depths_snipers, tso_metal_star,
          hangedman_decor_diamond_cutter, nicolae_qazlal_style_of_elements
Lair:1:   worms_lemuel, grunt_megastairs_3
Lair:2:   minmay_shoals_entry_lonely_mermaid, minmay_snake_entry_six_corridors,
          uniq_sonja, uniq_fannar
Lair:3:   serial_bayou_shore_a
Lair:4:   lemuel_centaur_altar
Lair:5:   minmay_slime_entry_oklob_open, special_room, basic_altar,
          portal_ice_cave_entry_pillars_2
Lair:6:   wormcave, hangedman_lair_caniforms_friends, st_stairs_7
Shoals:1: serial_shops, nicolae_shop_trees
Shoals:2: nicolae_shoals_isolated_beach, uniq_polyphemus
Shoals:4: shoals_end_grunt_ice, shoals_ilsuiw_alternative, uniq_bai_suzhen,
          uniq_kirke
Snake:1:  cheibrodos_forgotten_conduit, minmay_shop_star, serial_bayou_shore_b,
          serial_bayou_shore_b, uniq_josephine, uniq_rupert
Snake:2:  uniq_frances
Snake:3:  serial_shops, shop, shop_coins, uniq_agnes, uniq_vashnia
Snake:4:  minmay_snake_end_coiled, serial_shops, shop
Slime:1:  special_room
Orc:1:    nicolae_volcano_entry_lava_flow
Orc:2:    st_orc_mages, uniq_maurice
Elf:1:    eino_elf_arrival_altar, portal_desolation_entry_nicolae_slug,
          serial_shops, nicolae_shop_trees, minmay_elf_sorcery,
          nicolae_elf_big_sculpture_1
Elf:2:    serial_shops, nicolae_shop_waterfront, serial_sigils_hangedman_gut,
          minmay_curled_crystal
Vaults:1: hangedman_vaults_variations, nicolae_vaults_twisting_passages,
          nicolae_vaults_diagonal_hallway_7, vaults_mumra_hexcomb,
          grunt_vaults_trifunnel, nicolae_vaults_ring_of_whatevers, v_misc_5,
          serial_shops, shop, uniq_nikola
Vaults:2: nicolae_vaults_ring_of_whatevers, nicolae_vaults_network_periphery,
          minmay_crypt_entry_simple_walls, nicolae_vaults_hallways_thing,
          ontoclasm_vaults_ligature, nicolae_vaults_statue_guard, v_rooms_4,
          nicolae_vaults_yaktaur_gun_rack, vaults_room_boxed,
          vaults_standard_mumra_enter_the_diamond,
          nicolae_vaults_ninety_degrees, ontoclasm_vaults_fault,
          ontoclasm_vaults_shuriken, v_alt_pattern_1,
          nicolae_vaults_little_squares_4, stair_cage_open,
          nicolae_vaults_little_squares_5, serial_shops, shop
Volcano:  volcano_pools

Skill      XL: |  1  2  3  4  5  6  7  8  9 10 11 12 13 14 15 16 17 18 19 |
---------------+----------------------------------------------------------+-----
Dodging        | 2 3 4 5 7 9 10 11 12 13 | 13.3
Short Blades   | 3 |  3.1
Fighting       | 3 4 5 7 9 10 11 13 | 13.6
Shields        | 2 4 |  4.1
Stealth        | 5 6 |  6.4
Hexes          | 6 7 8 9 10 13 | 13.0
Spellcasting   | 1 5 |  5.3
Invocations    | 4 8 11 13 14 | 14.3
Staves         | 8 11 12 13 | 13.7
Charms         | 5 6 8 |  8.5
Evocations     | 2 5 |  5.2
Armour         | 6 7 8 |  8.8
Air Magic      | 2 |  2.4
Necromancy     | 2 |  2.4
Throwing       | |  2.0

Action                   |  1- 3 |  4- 6 |  7- 9 | 10-12 | 13-15 | 16-18 | 19-21 || total
-------------------------+-------+-------+-------+-------+-------+-------+-------++-------
Melee: Dagger            |    83 |   229 |   564 |   646 |       |       |       ||  1522
       Spear             |       |    10 |    15 |       |       |       |       ||    25
       Unarmed           |       |       |       |    60 |       |       |       ||    60
       Lajatang          |       |       |       |   252 |  1238 |  1187 |   294 ||  2971
 Fire: Blowgun           |     1 |     4 |     3 |     4 |       |       |       ||    12
Throw: Tomahawk          |       |    11 |     3 |     1 |    13 |    36 |     1 ||    65
 Cast: Confuse           |       |       |       |    44 |    28 |    32 |    12 ||   116
       Spectral Weapon   |       |       |       |       |     1 |    89 |    41 ||   131
       Regeneration      |       |       |       |       |     1 |    51 |     4 ||    56
       Tukima's Dance    |       |       |       |       |       |     6 |       ||     6
       Swiftness         |       |       |       |       |       |     2 |     4 ||     6
       Invisibility      |       |       |       |       |       |     1 |     2 ||     3
Invok: Shadow Form       |       |       |       |       |     1 |       |       ||     1
Evoke: Wand              |       |     4 |     7 |       |    28 |    38 |     2 ||    79
       Lightning rod     |       |       |       |       |       |     7 |     4 ||    11
  Use: Potion            |       |     5 |       |    14 |    10 |    15 |     2 ||    46
       Scroll            |       |     7 |     6 |    20 |    24 |    19 |     3 ||    79
 Stab: Sleeping          |     9 |     6 |     6 |    28 |    51 |    10 |     2 ||   112
       Paralysed         |       |     1 |       |       |     4 |     5 |       ||    10
       Invisible         |       |       |       |     9 |     2 |    13 |     3 ||    27
       Confused          |       |       |       |    10 |     5 |     6 |     4 ||    25
       Distracted        |       |       |       |       |     6 |    16 |     5 ||    27
  Eat: Chunk             |       |     5 |    14 |    16 |    24 |    11 |     9 ||    79
       Ration            |       |     2 |       |     7 |     9 |    16 |     2 ||    36
Armor: Robe              |     6 |    30 |    57 |    76 |   193 |    27 |       ||   389
       Skin              |       |       |       |    77 |       |       |       ||    77
       Steam dragon scal |       |       |       |       |       |   190 |    38 ||   228
Dodge: Dodged            |    40 |   133 |   404 |   981 |  1264 |  1180 |   292 ||  4294

Table legend:
 A = Spawn XP
 B = Non-spawn XP
 C = Spawn XP percentage of total XP
 D = Spawn monster count
 E = Non-spawn monster count
 F = Spawn count percentage of total count
 G = Total turns spent on level
                    A         B        C        D         E        F      G
               +---------+---------+-------+---------+---------+-------+---------
         Total |       0 |  317221 |   0.0 |       0 |    1056 |   0.0 | 49435
               +---------+---------+-------+---------+---------+-------+---------
           D:1 |       0 |      48 |   0.0 |       0 |      23 |   0.0 |   775
           D:2 |       0 |     123 |   0.0 |       0 |      20 |   0.0 |  1707
           D:3 |       0 |     304 |   0.0 |       0 |      21 |   0.0 |  2055
           D:4 |       0 |     421 |   0.0 |       0 |      25 |   0.0 |  1784
           D:5 |       0 |     508 |   0.0 |       0 |      18 |   0.0 |  1069
           D:6 |       0 |     920 |   0.0 |       0 |      16 |   0.0 |   899
           D:7 |       0 |    1119 |   0.0 |       0 |      18 |   0.0 |   763
           D:8 |       0 |    3050 |   0.0 |       0 |      26 |   0.0 |  1259
           D:9 |       0 |    2090 |   0.0 |       0 |      30 |   0.0 |  2377
          D:10 |       0 |     806 |   0.0 |       0 |      12 |   0.0 |   849
          D:11 |       0 |    3469 |   0.0 |       0 |      37 |   0.0 |  1521
          D:12 |       0 |    7854 |   0.0 |       0 |      35 |   0.0 |   864
          D:13 |       0 |   11525 |   0.0 |       0 |      43 |   0.0 |  1921
          D:14 |       0 |   12147 |   0.0 |       0 |      34 |   0.0 |  1121
          D:15 |       0 |   11102 |   0.0 |       0 |      35 |   0.0 |  1558
        Lair:1 |       0 |    2641 |   0.0 |       0 |      28 |   0.0 |  1168
        Lair:2 |       0 |   11679 |   0.0 |       0 |      44 |   0.0 |  2224
        Lair:3 |       0 |    4118 |   0.0 |       0 |      39 |   0.0 |  1966
        Lair:4 |       0 |    4956 |   0.0 |       0 |      25 |   0.0 |  1769
        Lair:5 |       0 |   13449 |   0.0 |       0 |      47 |   0.0 |  1643
        Lair:6 |       0 |    4446 |   0.0 |       0 |      12 |   0.0 |   342
      Shoals:1 |       0 |    4758 |   0.0 |       0 |      10 |   0.0 |  1515
      Shoals:2 |       0 |   17551 |   0.0 |       0 |      29 |   0.0 |  1694
      Shoals:3 |       0 |   17220 |   0.0 |       0 |      36 |   0.0 |  1510
      Shoals:4 |       0 |   18739 |   0.0 |       0 |      31 |   0.0 |   650
       Snake:1 |       0 |    9502 |   0.0 |       0 |      24 |   0.0 |   714
       Snake:2 |       0 |   12331 |   0.0 |       0 |      25 |   0.0 |  1728
       Snake:3 |       0 |   18550 |   0.0 |       0 |      23 |   0.0 |  2274
       Snake:4 |       0 |   36834 |   0.0 |       0 |      70 |   0.0 |  2360
       Slime:1 |       0 |    2956 |   0.0 |       0 |       2 |   0.0 |    39
         Orc:1 |       0 |    6212 |   0.0 |       0 |      28 |   0.0 |  1342
         Orc:2 |       0 |    3579 |   0.0 |       0 |      42 |   0.0 |  1264
         Elf:1 |       0 |   26666 |   0.0 |       0 |      47 |   0.0 |  1818
      Vaults:1 |       0 |   22579 |   0.0 |       0 |      51 |   0.0 |  1553
      Vaults:2 |       0 |   21542 |   0.0 |       0 |      44 |   0.0 |  1000
       Volcano |       0 |    1427 |   0.0 |       0 |       6 |   0.0 |   334
               +---------+---------+-------+---------+---------+-------+---------
